 Dungeon Crawl Stone Soup version 0.22-a0-160-gcc81d7a (webtiles) character file.

2022 mhoghedin the Fighter (level 9, -1/81 HPs)
             Began as a Ghoul Monk on Feb 10, 2018.
             Slain by an orc warrior
             ... wielding a +0 short sword
              (5 damage)
             ... on level 6 of the Dungeon.
             The game lasted 00:11:08 (4386 turns).

mhoghedin the Fighter (Ghoul Monk)                  Turns: 4386, Time: 00:11:09

Health: -1/81      AC: 11    Str: 18 (21) XL:     9   Next: 23%
Magic:  8/8        EV: 15    Int:  8 (9)  God:
Gold:   227        SH:  0    Dex:  9 (12) Spells: 8/8 levels left

rFire    . . .     SeeInvis .     - Unarmed
rCold    + . .     Gourm    .   (no shield)
rNeg     + + +     Faith    .   l - +1 robe "Caafufapp" {+Blink rN+ Regen+ Str+4}
rPois    ∞         Spirit   .   i - +1 helmet
rElec    .         Reflect  .   (no cloak)
rCorr    .         Harm     .   (no gloves)
MR       .....                  (no boots)
Stlth    ++........             o - amulet of magic regeneration
HPRegen  0.00/turn              a - +6 ring of protection
MPRegen  0.36/turn              q - +4 ring of intelligence

@: rotting
A: rotting body, claws 1, carnivore, cold resistance 1, negative energy
resistance 3, inhibited regeneration, torment resistance, unbreathing
a: Evoke Blink


You were on level 6 of the Dungeon.
You were not hungry.

You visited 1 branch of the dungeon, and saw 6 of its levels.

You collected 227 gold pieces.

Inventory:

Armour
 i - a +1 helmet (worn)
   (You found it on level 2 of the Dungeon)
 l - the +1 robe "Caafufapp" (worn) {+Blink rN+ Regen+ Str+4}
   (You found it on level 4 of the Dungeon)

   It affects your strength (+4).
   It protects you from negative energy.
   It lets you blink.
   It increases your rate of regeneration.
Jewellery
 a - a +6 ring of protection (left claw)
   (You found it on level 1 of the Dungeon)
 k - an uncursed ring of protection from cold {rC+, !d}
   (You found it on level 2 of the Dungeon)
 o - an amulet of magic regeneration (around neck)
   (You found it on level 4 of the Dungeon)
 q - a +4 ring of intelligence (right claw)
   (You found it on level 5 of the Dungeon)
Wands
 d - a wand of polymorph (20)
   (You found it on level 6 of the Dungeon)
 e - a wand of flame (17)
   (You found it on level 2 of the Dungeon)
 g - a wand of iceblast (5)
   (You found it on level 4 of the Dungeon)
Scrolls
 j - a scroll of remove curse
 p - 2 scrolls of identify
Potions
 h - a potion of curing
 n - 2 potions of ambrosia
Comestibles
 b - 11 rations
 c - 2 chunks of flesh {@w0}


   Skills:
 + Level 8.2 Fighting
 + Level 6.8 Dodging
 - Level 2.1 Stealth
 + Level 8.1 Unarmed Combat


You had 8 spell levels left.
You didn't know any spells.

Dungeon Overview and Level Annotations

Branches:
Dungeon (6/15)
 Temple: D:4-7

Altars:
Dithmenos
Hepliaklqana
Kikubaaqudgha
Qazlal
Trog
Yredelemnul
The Shining One


Innate Abilities, Weirdness & Mutations

Your body is rotting away.
You thrive on raw meat.
You are immune to poison.
You have sharp fingernails.
You are carnivorous and can eat meat at any time.
Your flesh is cold resistant. (rC+)
You are immune to negative energy. (rN+++)
You do not regenerate when monsters are visible.
You are immune to unholy pain and torment.
You can survive without breathing.


Message History

The orc wizard casts a spell.
The orc wizard blinks!
The orc shouts!
You claw the orc!
You kill the orc!
The orc wizard gestures wildly while chanting.
The orc wizard blinks!
Things that are here:
a dagger of venom; a robe You scratch the orc but do no damage.
The orc misses you.
An orc priest comes into view. It is wielding a hand axe of chopping.
You claw the orc!
You kill the orc!
The orc warrior hits you but does no damage.
Things that are here:
a hand axe of freezing; a ring mail; an orc corpse You scratch the orc warrior.
The orc warrior hits you with a short sword.
You take 1 damage, and have 80/81 hp.
You scratch the orc warrior but do no damage.
The orc warrior hits you with a short sword!!
The orc wizard casts a spell.
The orc wizard blinks!
You take 18 damage, and have 62/81 hp.
MASSIVE DAMAGE!!
Unknown command.
Things that are here:
a dagger of venom; a robe You closely miss the orc wizard.
The orc warrior hits you but does no damage.
You miss the orc wizard. The orc wizard hits you with a dagger.
The orc warrior hits you with a short sword!
You take 17 damage, and have 45/81 hp.
MASSIVE DAMAGE!!
As you read the scroll labeled ZURPHE YSEYXUA, it crumbles to dust.
It is a scroll of identify.
n - 3 potions of ambrosia The orc wizard hits you with a dagger.
The orc warrior barely misses you.
The orc priest calls upon Beogh to heal the orc warrior.
The orc warrior's wounds heal themselves!
You take 3 damage, and have 42/81 hp.
It was a potion of degeneration.
There was something very wrong with that liquid.
You feel weakened.
You feel dopey.
You feel clumsy.
The orc wizard mumbles some strange words.
The orc wizard seems to speed up.
The orc warrior closely misses you.
Okay, then.
Unknown command.
You are confused.
You feel invigorated.
The orc wizard mumbles some strange words.
The orc wizard blinks!
The orc warrior hits you with a short sword.
Unknown command.
Unknown command.
You bump into the rock wall.
The orc warrior hits you with a short sword!!
The orc priest looks braver for a moment.
You take 16 damage, and have 27/81 hp.
You bump into the rock wall.
The orc warrior hits you but does no damage.
You regained 4 hp, and now have 31/81 hp.
You bump into the rock wall.
The orc warrior hits you with a short sword!
* * * LOW HITPOINT WARNING * * *
You take 9 damage, and have 22/81 hp.
You feel less invigorated.
You feel less confused.
You regained 4 hp, and now have 26/81 hp.
The orc wizard mumbles some strange words.
The orc wizard blinks!
The orc priest looks encouraged for a moment.
The orc warrior barely misses you.
The orc priest mumbles some strange prayers to Beogh against you.
Beogh smites you!
* * * LOW HITPOINT WARNING * * *
You take 11 damage, and have 15/81 hp.
The orc priest cheers loudly.
The orc priest looks satisfied for a moment.
You see here a whip.
The orc wizard gestures wildly while chanting.
The orc wizard blinks!
You scratch the orc wizard.
The orc wizard hits you but does no damage.
The orc warrior hits you with a short sword!
* * * LOW HITPOINT WARNING * * *
You take 11 damage, and have 4/81 hp.
Unknown command.
Unknown command.
Okay, then.
Unknown command.
Aim: an orc warrior, wielding a short sword and wearing a plate armour (chance to defeat MR: 46%)
The orc warrior resists with some effort.
The orc wizard closely misses you.
The orc wizard hits you but does no damage.
The orc warrior hits you with a short sword.
You die...

### #.# ..# #.#
#.# #.# #.# #.#
#.# #.# #.#
#.### #)# #...#
#o# ###o# #.#
#@# #o# #o# #.#
#.#
#####.#######.#
#.....o.o...#o#
#.###.###...).#
#.# #.#.### #.#
#.#.# #.# #.#.#


You could see an orc warrior, an orc priest and an orc wizard.

Vanquished Creatures
  Pikel (D:4)
  Sigmund (D:4)
  An orc warrior (D:6)
  2 slaves (D:4)
  An ice beast (D:5)
  A sky beast (D:6)
  2 ogres
  A bullfrog (D:6)
  A gnoll sergeant (D:6)
  A scorpion (D:5)
  A howler monkey (D:5)
  A centaur zombie (D:6)
  2 hounds (D:6)
  5 orc priests
  Jessica (D:3)
  An iguana (D:6)
  3 orc wizards
  5 worker ants
  3 gnolls (D:6)
  10 adders
  2 howler monkey skeletons
  An adder skeleton (D:6)
  2 adder zombies (D:6)
  2 worms (D:3)
  3 dart slugs
  5 leopard geckos
  22 orcs
  5 bats
  A giant cockroach (D:3)
  11 goblins
  4 hobgoblins
  14 jackals
  6 quokkas
  7 ball pythons
  2 frilled lizards
  A jackal skeleton (D:4)
  10 kobolds
  A leopard gecko skeleton (D:4)
  A quokka skeleton (D:6)
  19 rats
163 creatures vanquished.

Vanquished Creatures (others)
  2 slaves (D:4)
2 creatures vanquished.

Grand Total: 165 creatures vanquished

Notes
Turn   | Place    | Note
-------+----------+-------------------------------------------
     0 | D:1      | mhoghedin the Ghoul Monk began the quest for the Orb.
     0 | D:1      | Reached XP level 1. HP: 19/19 MP: 0/0
    39 | D:1      | Reached XP level 2. HP: 20/26 MP: 1/1
   240 | D:1      | Reached skill level 3 in Dodging
   390 | D:1      | Reached XP level 3. HP: 33/33 MP: 2/2
   699 | D:2      | Reached skill level 4 in Fighting
   699 | D:2      | Reached skill level 4 in Unarmed Combat
   705 | D:2      | Reached XP level 4. HP: 38/40 MP: 3/3
   743 | D:2      | Found a stormy altar of Qazlal.
   886 | D:2      | Found a bloodstained altar of Trog.
   963 | D:2      | Found an ancient bone altar of Kikubaaqudgha.
  1101 | D:2      | Found a shadowy altar of Dithmenos.
  1340 | D:3      | Reached XP level 5. HP: 42/47 MP: 4/4
  1442 | D:3      | Noticed Jessica
  1498 | D:3      | Killed Jessica
  1776 | D:4      | Reached skill level 4 in Dodging
  1907 | D:4      | Noticed Sigmund
  1940 | D:4      | Killed Sigmund
  1940 | D:4      | Reached skill level 5 in Fighting
  1940 | D:4      | Reached skill level 5 in Unarmed Combat
  1940 | D:4      | Reached XP level 6. HP: 37/56 MP: 5/5
  2059 | D:4      | Noticed an orc warrior
  2071 | D:4      | HP: 5/56 [orc priest/divine providence (12)]
  2301 | D:4      | Noticed a slave
  2302 | D:4      | Noticed Pikel
  2302 | D:4      | Noticed a slave
  2303 | D:4      | Noticed a slave
  2303 | D:4      | Noticed a slave
  2319 | D:4      | Killed a slave
  2324 | D:4      | Killed a slave
  2482 | D:4      | Got a warped robe
  2493 | D:4      | Identified the +1 robe "Caafufapp" {+Blink rN+ Regen+ Str+4} (You found it on level 4 of the Dungeon)
  2545 | D:4      | Killed Pikel
  2545 | D:4      | Reached skill level 6 in Fighting
  2545 | D:4      | Reached skill level 5 in Dodging
  2545 | D:4      | Reached skill level 6 in Unarmed Combat
  2545 | D:4      | Reached XP level 7. HP: 64/64 MP: 6/6
  2609 | D:4      | Reached XP level 8. HP: 48/71 MP: 7/7
  2646 | D:4      | HP: 11/71 [orc warrior/flail (7)]
  2964 | D:5      | Entered Level 5 of the Dungeon
  3363 | D:5      | Reached skill level 7 in Fighting
  3391 | D:5      | Reached skill level 7 in Unarmed Combat
  3426 | D:5      | Reached skill level 6 in Dodging
  3520 | D:6      | Found a basalt altar of Yredelemnul.
  3550 | D:6      | Found a glowing golden altar of the Shining One.
  3579 | D:6      | Found a hazy altar of Hepliaklqana.
  3804 | D:6      | Reached XP level 9. HP: 80/80 MP: 8/8
  3866 | D:6      | HP: 3/81 [orc warrior/short sword (19)]
  3913 | D:6      | Reached skill level 8 in Fighting
  3913 | D:6      | Reached skill level 8 in Unarmed Combat
  4373 | D:6      | HP: 15/81 [orc priest/divine providence (11)]
  4385 | D:6      | HP: 4/81 [orc warrior/short sword (11)]
  4386 | D:6      | Slain by an orc warrior

Vault maps used:
D:1:      erik_arrival_orb_chamber, minivault_4, st_stairs_13
D:2:      lemuel_round_altar, lemuel_round_altar, lemuel_crystal_altar,
          minmay_liquid_box, lemuel_tele_altar
D:3:      uniq_jessica
D:4:      uniq_pikel, uniq_sigmund
D:5:      first_ration
D:6:      old_standard_altar, tso_altar, basic_altar, fedhas_altar_fruit_tree,
          uniq_duvessa

Skill      XL: |  1  2  3  4  5  6  7  8  9 |
---------------+----------------------------+-----
Dodging        | 3 4 5 6 |  6.8
Fighting       | 4 5 6 7 8 |  8.2
Unarmed Combat | 4 5 6 7 8 |  8.1
Stealth        | |  2.1

Action                   |  1- 3 |  4- 6 |  7- 9 || total
-------------------------+-------+-------+-------++-------
Melee: Unarmed           |   111 |   219 |   242 ||   572
       Punch             |     1 |     1 |    10 ||    12
Evoke: Wand              |       |     2 |     5 ||     7
  Use: Scroll            |     5 |       |     5 ||    10
       Potion            |       |     5 |     5 ||    10
 Stab: Sleeping          |     1 |     5 |     2 ||     8
  Eat: Chunk             |     4 |     3 |    11 ||    18
Armor: Robe              |    51 |    70 |    61 ||   182
Dodge: Dodged            |    91 |   126 |   136 ||   353

Table legend:
 A = Spawn XP
 B = Non-spawn XP
 C = Spawn XP percentage of total XP
 D = Spawn monster count
 E = Non-spawn monster count
 F = Spawn count percentage of total count
 G = Total turns spent on level
                    A         B        C        D         E        F      G
               +---------+---------+-------+---------+---------+-------+---------
         Total |       0 |    2889 |   0.0 |       0 |     161 |   0.0 |  4386
               +---------+---------+-------+---------+---------+-------+---------
           D:1 |       0 |      36 |   0.0 |       0 |      25 |   0.0 |   613
           D:2 |       0 |      99 |   0.0 |       0 |      28 |   0.0 |   581
           D:3 |       0 |     144 |   0.0 |       0 |      34 |   0.0 |   823
           D:4 |       0 |    1085 |   0.0 |       0 |      16 |   0.0 |   947
           D:5 |       0 |     517 |   0.0 |       0 |      16 |   0.0 |   665
           D:6 |       0 |    1008 |   0.0 |       0 |      42 |   0.0 |   757
               +---------+---------+-------+---------+---------+-------+---------

Vault maps used:
D:1:      erik_arrival_orb_chamber, minivault_4, st_stairs_13
D:2:      lemuel_round_altar, lemuel_round_altar, lemuel_crystal_altar,
          minmay_liquid_box, lemuel_tele_altar
D:3:      uniq_jessica
D:4:      uniq_pikel, uniq_sigmund
D:5:      first_ration
D:6:      old_standard_altar, tso_altar, basic_altar, fedhas_altar_fruit_tree,
          uniq_duvessa

Table legend:
 A = Turns spent in this place as a percentage of turns spent in the entire game.
 B = Non-inter-level travel turns spent in this place as a percentage of non-inter-level travel turns spent in the entire game.
 C = Inter-level travel turns spent in this place as a percentage of turns spent in this place.
 D = Turns resting spent in this place as a percentage of non-inter-level travel turns spent in this place.
 E = Turns spent auto-exploring this place as a percentage of non-inter-level travel turns spent in this place.
 F = Non-inter-level travel turns spent in this place divided by the number of levels of this place that you've seen.
                   A       B       C       D       E      F
               +-------+-------+-------+-------+-------+----------------------
         Total | 100.0 | 100.0 |   3.1 |  14.1 |  53.0 | 708.7
       Dungeon | 100.0 | 100.0 |   3.1 |  14.1 |  53.0 | 708.7
               +-------+-------+-------+-------+-------+----------------------

Table legend:
 A = Kills in this place as a percentage of kills in entire the game.
 B = Kills by you in this place as a percentage of kills by you in the entire game.
 C = Kills by friends in this place as a percentage of kills by friends in the entire game.
 D = Other kills in this place as a percentage of other kills in the entire game.
 E = Experience gained in this place as a percentage of experience gained in the entire game.
 F = Experience gained in this place divided by the number of levels of this place that you have seen.
                   A       B       C       D       E      F
               +-------+-------+-------+-------+-------+----------------------
         Total | 100.0 | 100.0 |   N/A |   N/A | 100.0 | 481.5
       Dungeon | 100.0 | 100.0 |   N/A |   N/A | 100.0 | 481.5
               +-------+-------+-------+-------+-------+----------------------
